cohdb
Replays
Latest Replays
All Replays
Popular Replays
Top Player Replays
Match Explorer
How It Works
Community
CoH3 Stats
Reddit
Sign in to upload your games and track your stats! →
Sign in with Steam
Match 39638319
Unlisted
Match 39638319
Overview
Messages
Build Orders
End
Construct Barracks
Selects Heavy Weapons
Riflemen Squad
1⁄4-ton 4x4 Truck
Riflemen Squad
Riflemen Squad
Construct Medical Station
Mechanized Support Center
M1918 Browning Automatic Rifles
Selects M2HB .50cal Heavy Machine Gun
Selects Assault Carriers
Construct Motor Pool
Construct Motor Pool
M24 Chaffee Light Tank
Engineer Squad
M3 75 mm Gun Motor Carriage
M3 75 mm Gun Motor Carriage
Bruistablet
Carlos I Emperador de España
Pablo/GH
Sr. Espejo
Coolbrou
(QT) THE'OO
-Trupp5- Radio
Metile
0
0
Comments
sign in to comment!
No comments posted yet!